 Dungeon Crawl Stone Soup version 0.30.1-11-g7821555f0a (webtiles) character file.

Game seed: 12311655650374976329

29 Peloso the Trooper (level 3, 33/33 HPs)
             Began as a Minotaur Fighter on Dec 21, 2023.
             Got out of the dungeon alive.
             The game lasted 00:00:56 (592 turns).

Peloso the Trooper (Minotaur Fighter)                Turns: 592, Time: 00:00:57

Health: 33/33      AC:  7    Str: 19    XL:     3   Next: 1%
Magic:  2/2        EV:  9    Int:  9    God:
Gold:   32         SH:  4    Dex: 10    Spells: 2/2 levels left

rFire   + . .        a - +0 long sword
rCold   + . .        c - +0 buckler
rNeg    . . .        b - +0 scale mail
rPois   +            (helmet restricted)
rElec   +            (no cloak)
rCorr   +            (no gloves)
SInv    .            (no boots)
Will    +....        (no amulet) Stlth
                     (no ring)
HPRegen 0.25/turn    (no ring)
MPRegen 0.08/turn

%: no passive effects
@: resistant
A: horns 2, retaliatory headbutt, claws 1, clever 1, high MP 1, strong-willed 1
a: no special abilities


You escaped.
You visited 1 branch of the dungeon, and saw 1 of its levels.

You collected 32 gold pieces.

Inventory:

Hand Weapons
 a - a +0 long sword (weapon)
Armour
 b - a +0 scale mail (worn)
 c - a +0 buckler (worn)
Scrolls
 f - a scroll of enchant weapon {unknown}
 g - a scroll of magic mapping {unknown}
 h - a scroll of poison {unknown}
Potions
 d - a potion of might


   Skills:
 + Level 4.1 Fighting
 + Level 3.0 Long Blades
 + Level 4.0 Armour
 + Level 4.0 Shields


You had 2 spell levels left.
You didn't know any spells.
Your spell library was empty.

Dungeon Overview and Level Annotations

Branches:
Dungeon (1/15)

Altars:


Innate Abilities, Weirdness & Mutations

You have a pair of horns on your head.
You reflexively headbutt those who attack you in melee.
You have sharp fingernails.
Your mind is acute. (Int +4, Str/Dex -1)
You have an increased reservoir of magic. (+10% MP)
You are strong-willed. (Will+)


Message History

The kobold is heavily wounded.
The kobold barely misses you. You furiously retaliate!
You headbutt the kobold!
You kill the kobold!
Things that are here:
a +0 short sword; a stone A goblin comes into view.
It is wielding a +0 dagger.
The goblin shouts!
A goblin is nearby!
A goblin is nearby!
A goblin is nearby!
The goblin hits you but does no damage.
You slash the goblin!
You kill the goblin!
Things that are here:
a +0 dagger; a goblin corpse A giant cockroach comes into view.
A giant cockroach is nearby!
A giant cockroach is nearby!
The giant cockroach bites you but does no damage.
The giant cockroach closely misses you. You furiously retaliate!
You headbutt the giant cockroach!
You kill the giant cockroach!
Your Shields skill increases to level 4!
You have reached level 3!
Your experience leads to an increase in your attributes!
Increase (S)trength, (I)ntelligence, or (D)exterity?
You feel agile. x2
It was a potion of resistance.
You feel protected.
It was a potion of mutation.
You feel extremely strange.
You feel more energetic.
You feel clever.
You feel strong-willed.
Your fingernails lengthen.
(D) Dungeon
Where to? (? - help)
What level of the Dungeon? (default 1, ? - help)
There is a stone staircase leading down here.
There is an open gate here.
There is a staircase leading out of the dungeon here.
Are you sure you want to leave the Dungeon?
This will make you lose the game!
You have escaped!

........#.## ####
...........>
#..###.########.##
#....### #.#
#......### #.##
#........### #..#
#..##......#####.#
#..####.......'..#
#@.# ###.....'..#
#..####.......'.##
#..##......#######
#........###.##.##
#......### #.##...
#....#######.#####
#..###.......# #
#### #.#######
#.....#######


There were no monsters in sight!

Vanquished Creatures
  2 dart slugs (D:1)
  3 bats (D:1)
  4 endoplasms (D:1)
  A giant cockroach (D:1)
  2 goblins (D:1)
  3 hobgoblins (D:1)
  A kobold (D:1)
  2 quokkas (D:1)
  A ball python (D:1)
  2 rats (D:1)
21 creatures vanquished.

Notes
Turn   | Place    | Note
-------+----------+-------------------------------------------
     0 | D:1      | Peloso the Minotaur Fighter began the quest for the Orb.
     0 | D:1      | Reached XP level 1. HP: 19/19 MP: 0/0
    95 | D:1      | Reached XP level 2. HP: 25/27 MP: 1/1
   396 | D:1      | Found a faded altar of an unknown god.
   548 | D:1      | Reached XP level 3. HP: 33/33 MP: 2/2
   549 | D:1      | Gained mutation: You have an increased reservoir of magic.
                  | (+10% MP) [potion of mutation]
   549 | D:1      | Gained mutation: Your mind is acute. (Int +4, Str/Dex -1)
                  | [potion of mutation]
   549 | D:1      | Gained mutation: You are strong-willed. (Will+) [potion of
                  | mutation]
   549 | D:1      | Gained mutation: You have sharp fingernails. [potion of
                  | mutation]
   592 | D:$      | Got out of the dungeon alive.

Illustrated notes

Levels and vault maps discovered:
D:1:      lemuel_arrival_funnel, layout_loops_ring,
          hellmonk_ecumenical_altar_inner_sanctum, st_stairs_3,
          kennysheep_decorative_pillar

Skill      XL: |  1  2 |
---------------+-------+-----
Fighting       | 4 |  4.1
Armour         | 4 |  4.0
Long Blades    | 3 |  3.0
Shields        | 4 |  4.0

Action                     || total
---------------------------++-------
  Melee: Long sword        ||    46
         Headbutt          ||     6
    Use: Potion            ||     2
 Armour: Scale mail        ||    28
  Dodge: Dodged            ||    17
  Block: Buckler           ||     8
